 Dungeon Crawl Stone Soup version 0.28-a0-1518-gbe868bca14 (webtiles) character file.

Game seed: 16640053078730994803

20 croobank the Caller (level 2, 0/17 HPs)
             Began as an Octopode Summoner on Jan 16, 2022.
             Slain by a jackal (2 damage)
             ... on level 1 of the Dungeon.
             The game lasted 00:03:25 (689 turns).

croobank the Caller (Octopode Summoner)              Turns: 689, Time: 00:03:26

Health: 0/17       AC:  1    Str:  4 (7)  XL:     2   Next: 79%
Magic:  4/5        EV: 11    Int: 16 (17) God:
Gold:   29         SH:  6    Dex: 10 (12) Spells: 4/5 levels left

rFire   . . .      SeeInvis .   a - +0 short sword
rCold   . . .      Faith    .   b - +0 kite shield
rNeg    . . .      Spirit   .   (helmet restricted)
rPois   .          Reflect  .   (no amulet)
rElec   .          Harm     .   (no ring)
rCorr   .          Rampage  .   (no ring)
Will    .....                   (no ring)
Stlth   +++.......              (no ring)
HPRegen 0.05/turn               (no ring)
MPRegen 0.09/turn               (no ring)
                                (no ring)
                                (no ring)

@: flying
A: almost no armour, amphibious, 8 rings, camouflage 1, gelatinous body 1,
(nimble swimmer 1), tentacles
a: no special abilities


You were on level 1 of the Dungeon.
You visited 1 branch of the dungeon, and saw 1 of its levels.

You collected 29 gold pieces.

Inventory:

Hand Weapons
 a - a +0 short sword (weapon)
Missiles
 c - 28 stones
 g - 27 sling bullets
 h - 2 poisoned darts
Armour
 b - a +0 kite shield (worn)
Scrolls
 e - a scroll of identify {unknown}
 f - a scroll of fog {unknown}
 j - a scroll of noise {unknown}


   Skills:
 + Level 2.3 Dodging
 + Level 3.2 Stealth
 + Level 2.2 Spellcasting
 + Level 4.2 Summonings


You had 4 spell levels left.
You knew the following spells:

 Your Spells              Type           Power      Damage    Failure   Level
a - Summon Small Mammal   Summ           60%        N/A       13%         1

Your spell library contained the following spells:

 Spells                   Type           Power      Damage    Failure   Level
 Call Imp                 Summ           15%        N/A       21%         2
 Call Canine Familiar     Summ           15%        N/A       36%         3
 Summon Guardian Golem    Hex/Summ       8%         N/A       67%         3
 Summon Lightning Spire   Summ/Air       8%         N/A       97%         4


Dungeon Overview and Level Annotations

Branches:
Dungeon (1/15)

Altars:

Shops:
D:1 :


Innate Abilities, Weirdness & Mutations

You cannot wear most types of armour.
You are amphibious.
You can wear up to eight rings at the same time.
Your skin changes colour to match your surroundings (Stealth+).
Your rubbery body absorbs attacks. (AC +1, EV +1)
((You are camouflaged when in or above water. (Stealth+)))
You have tentacles for arms and can constrict up to eight enemies at once.


Message History

Your bat misses the hobgoblin. The jackal barely misses you.
The hobgoblin hits you.
* * * LOW HITPOINT WARNING * * *
Your bat hits the hobgoblin but does no damage.
Your bat barely misses the hobgoblin.
The hobgoblin misses your bat. The jackal barely misses you.
Your bat closely misses the hobgoblin.
Your bat barely misses the hobgoblin.
Your bat closely misses the hobgoblin.
The hobgoblin hits your bat.
You closely miss the jackal. Your grab misses the jackal.
Your bat hits the hobgoblin.
Your bat hits the hobgoblin but does no damage.
The jackal barely misses you.
Your bat barely misses the hobgoblin.
Your rat bites the hobgoblin.
The jackal bites you.
* * * LOW HITPOINT WARNING * * *
You hit the jackal but do no damage. You grab the jackal.
You constrict the jackal. Your bat hits the hobgoblin.
Your bat barely misses the hobgoblin.
You block the jackal's attack.
Your rat misses the hobgoblin.
Your bat hits the hobgoblin but does no damage.
The hobgoblin hits your bat.
Your bat dies!
Your bat's corpse disappears in a puff of smoke!
The jackal barely misses you.
Your rat barely misses the hobgoblin.
The hobgoblin shouts!
It was a potion of flight.
You feel very buoyant.
You fly up into the air.
You constrict the jackal. You block the jackal's attack.
Your rat bites the hobgoblin.
It was a potion of degeneration.
There was something very wrong with that liquid.
You feel weakened.
You feel dopey.
You feel clumsy.
You constrict the jackal. You block the jackal's attack.
The hobgoblin closely misses your rat. The jackal bites you.
* * * LOW HITPOINT WARNING * * *
Your rat bites the hobgoblin but does no damage.
You hit the jackal but do no damage.
The jackal is heavily wounded.
You constrict the jackal, but do no damage.
The jackal bites you.
You die...

.........#.........#...........#
#######..###.###.###...#.##.####
.# #..#.........#.#.#.##.# .##
#..#.#.#.#P#P#...#.##.# #.#
#..#.........#...#....# .##
#..###P###†###........# .#
#..#...P_.P..#.#.####.#
.######..###.###.###.#.# #.#
.........#......@..#.... ..#
.###### #.#.#.#h#.#..## ### ##
#....†rg..#.. ###.###.###.. ...
.....#.. ............
###...........# #############


You could see a jackal, a hobgoblin (ally target) and a friendly rat (summoned).

Vanquished Creatures
  A bat (D:1)
  An endoplasm (D:1)
  A giant cockroach (D:1)
  A goblin (D:1)
  2 hobgoblins (D:1)
  2 jackals (D:1)
  2 quokkas (D:1)
  A ball python (D:1)
  2 frilled lizards (D:1)
  A kobold (D:1)
  4 rats (D:1)
18 creatures vanquished.

Vanquished Creatures (collateral kills)
  A kobold (D:1)
1 creature vanquished.

Vanquished Creatures (others)
  3 fungi (D:1)
  6 plants (D:1)
9 creatures vanquished.

Grand Total: 28 creatures vanquished

Notes
Turn   | Place    | Note
-------+----------+-------------------------------------------
     0 | D:1      | croobank the Octopode Summoner began the quest for the Orb.
     0 | D:1      | Reached XP level 1. HP: 11/11 MP: 3/3
   277 | D:1      | Found Kitofut's Book Emporium.
   284 | D:1      | Reached XP level 2. HP: 17/17 MP: 5/5
   509 | D:1      | Found a faded altar of an unknown god.
   689 | D:1      | Slain by a jackal

Illustrated notes

Levels and vault maps discovered:
D:1:      dpeg_arrival_simpleton_c, layout_basic, serial_shops,
          nicolae_square_shop, shapermc_ecumenical_altar_mp_urbaneastern,
          hex_large

Skill      XL: |  1 |
---------------+----+-----
Stealth        | 3 |  3.2
Dodging        | |  2.3
Spellcasting   | |  2.2
Summonings     | |  4.2

Action                   || total
-------------------------++-------
Melee: Short sword       ||    39
       Constrict         ||    12
       Tentacles         ||    10
 Cast: Summon Small Mamm ||     5
  Use: Potion            ||     2
 Stab: Sleeping          ||     7
Armor: Skin              ||     1
Dodge: Dodged            ||    18
Block: Kite shield       ||     7

Table legend: (Time is in decaauts)
 A = Elapsed time spent in this place.
 B = Non-inter-level travel time spent in this place.
 C = Inter-level travel time spent in this place.
 D = Time resting spent in this place.
 E = Time spent auto-exploring this place.
 F = Levels seen in this place.
 G = Mean time per level.
                   A        B        C        D        E       F      G
               +--------+--------+--------+--------+--------+-----+--------+
         Total |    699 |    699 |      0 |    130 |    341 |   1 |  699.0 |
       Dungeon |    699 |    699 |      0 |    130 |    341 |   1 |  699.0 |
               +--------+--------+--------+--------+--------+-----+--------+

Top non-repeatable levels by time:
     D:1: 699 daAuts
